[Event "45th FIDE Olympiad 2024"]
[Site "Budapest"]
[Date "2024.09.14"]
[Round "4.53"]
[White "Giri, Anish"]
[Black "Romanov, Evgeny"]
[Result "1-0"]
[ECO "B67"]
[WhiteElo "2724"]
[BlackElo "2567"]
[Annotator "TA"]
[PlyCount "59"]
[EventDate "2024.09.05"]
[EventType "team-tourn"]
[EventCountry "HUN"]
[SourceTitle "playchess.com"]
[Source "ChessBase"]
[SourceQuality "1"]
[WhiteTeam "Netherlands"]
[BlackTeam "North Macedonia"]
[WhiteTeamCountry "NED"]
[TimeControl "40/5400+30:1800+30"]

1. e4 c5 2. Nf3 Nc6 3. d4 cxd4 4. Nxd4 Nf6 5. Nc3 d6 6. Bg5 e6 7. Qd2 a6 8. O-O-O Bd7 9. f3 Rc8 10. Kb1 Be7 11. Nxc6 Bxc6 12. h4 h6 {[%emt 0:12:14] The position is equal.} 13. Be3 d5 14. e5 Nd7 15. f4 Qa5 16. Bd4 b5 17. f5 {[%emt 0:03:24] And now fxe6 would win.} Nb6 $2 {[%emt 0:06:10] This costs Black the game.} ({Black should try} 17... Nc5 $14) 18. Qf2 $18 Rb8 19. Qg3 Rg8 20. fxe6 fxe6 21. Qg6+ Kd7 22. g3 Rge8 23. Bh3 Ba3 (23... Kc7 $142 24. Bxe6 (24. Qxg7 Nc4 $18) 24... b4) 24. bxa3 Nc4 25. Ka1 {[%emt 0:02:09] [#] Rhf1 would now be deadly.} Nxa3 26. Nb1 b4 27. Nxa3 bxa3 28. Rhf1 Rb4 {[%emt 0:00:18] [#]} 29. Bxe6+ $1 Kd8 (29... Kc7 30. Rf7+) 30. Bh3 {[%emt 0:00:41] Weighted Error Value: White=0.13 (very precise) /Black=0.92.  Loses game:     	---       	Black=1      Mistake:       	---       	Black=1      Inaccurate:     	---       	Black=2      OK:         	White=11    	Black=1      Best:        	---       	Black=1} 1-0

[Event "45th FIDE Olympiad 2024"]
[Site "Budapest"]
[Date "2024.09.14"]
[Round "4.53"]
[White "Kudakwashe Chinake"]
[Black "Paiva, Donaldo"]
[Result "0-1"]
[ECO "D00"]
[WhiteElo "1859"]
[BlackElo "2139"]
[PlyCount "66"]
[EventDate "2024.09.05"]
[EventType "team-tourn"]
[EventCountry "HUN"]
[WhiteTeam "Cayman Islands"]
[BlackTeam "Mozambique"]
[WhiteTeamCountry "CAY"]
[BlackTeamCountry "MOZ"]
[TimeControl "40/5400+30:1800+30"]

1. d4 Nf6 2. Nc3 d5 3. Bf4 a6 4. e3 e6 5. Nf3 Bb4 6. Bd3 c5 7. dxc5 Bxc5 8. O-O Nc6 9. h3 Qe7 10. Ne5 O-O 11. e4 d4 12. Na4 Nxe5 13. Bxe5 Ba7 14. b3 Nd7 15. Bg3 b5 16. Nb2 Qa3 17. Qc1 Bb7 18. f4 Nc5 19. e5 Rac8 20. Bf2 Rc7 21. Qb1 Rfc8 22. Nd1 Nxd3 23. cxd3 Rc2 24. Re1 Rd2 25. Kf1 Rcc2 26. h4 h5 27. f5 exf5 28. e6 fxe6 29. Rxe6 Qc5 30. Rg6 Qe5 31. Kg1 Bb8 32. Rg3 Rxf2 33. Nxf2 Qxg3 {0-} 0-1

[Event "45th FIDE Olympiad 2024"]
[Site "Budapest"]
[Date "2024.09.14"]
[Round "4.54"]
[White "Lazov, Toni"]
[Black "Van Foreest, Jorden"]
[Result "1/2-1/2"]
[ECO "B30"]
[WhiteElo "2360"]
[BlackElo "2696"]
[Annotator "TA"]
[PlyCount "65"]
[EventDate "2024.09.05"]
[EventType "team-tourn"]
[EventCountry "HUN"]
[SourceTitle "playchess.com"]
[Source "ChessBase"]
[SourceQuality "1"]
[WhiteTeam "North Macedonia"]
[BlackTeam "Netherlands"]
[BlackTeamCountry "NED"]
[TimeControl "40/5400+30:1800+30"]

1. e4 c5 2. Nf3 Nc6 3. Bb5 e6 4. Bxc6 bxc6 5. b3 Ne7 6. O-O Ng6 7. Bb2 f6 8. e5 Be7 9. Na3 O-O 10. Nc4 fxe5 11. Nfxe5 Nxe5 12. Nxe5 Bf6 {[%emt 0:00:36] The position is equal.} 13. f4 (13. Nd3 $11) 13... d6 {[%emt 0:01:25] [#] And now ...Ba6 would win.} 14. Nc4 (14. Nxc6 $2 {too greedy.} Qc7 15. Bxf6 Rxf6 16. Nxa7 (16. Qf3 $2 Bb7 $19) 16... Qxa7 $19 (16... Rxa7 $2 17. Qe2 $19)) 14... Bxb2 ({Better is} 14... Ba6 $15 15. d3 Bxb2 16. Nxb2 Qf6) 15. Nxb2 $11 Qf6 16. c3 Ba6 {[%emt 0:00:59] Prevents Qe2} 17. Rf3 e5 18. fxe5 Qxe5 {[%emt 0:00:06] [#] ...Be2 is the strong threat.} 19. Qe1 Qd5 20. Rxf8+ Rxf8 21. Qe3 Qf7 {[%emt 0:00:04][%cal Of7f1] ( -> ...Qf1+!)} 22. d3 Qf6 23. Qd2 h5 24. Re1 h4 25. h3 Bc8 26. Nd1 d5 27. Nf2 Bf5 28. d4 cxd4 29. cxd4 Bd7 30. Re5 a5 31. Qe3 Rf7 32. Nd3 Rf8 33. Nc5 {[%emt 0:02:01] Weighted Error Value: White=0.04 (flawless) /Black=0.06 (flawless) .  Mistake:       	White=1     	Black=1      Inaccurate:     	White=1     	---        OK:         	White=9     	Black=10     Best:        	White=1     	Black=1} 1/2-1/2

[Event "45th FIDE Olympiad 2024"]
[Site "Budapest"]
[Date "2024.09.14"]
[Round "4.54"]
[White "Andrade, Ivan"]
[Black "Young, Christopher"]
[Result "1-0"]
[ECO "B42"]
[WhiteElo "2132"]
[BlackElo "1758"]
[PlyCount "139"]
[EventDate "2024.09.05"]
[EventType "team-tourn"]
[EventCountry "HUN"]
[WhiteTeam "Mozambique"]
[BlackTeam "Cayman Islands"]
[WhiteTeamCountry "MOZ"]
[BlackTeamCountry "CAY"]
[TimeControl "40/5400+30:1800+30"]

1. e4 c5 2. Nf3 e6 3. d4 cxd4 4. Nxd4 a6 5. c4 Qc7 6. Be3 Nf6 7. Bd3 Nc6 8. Nxc6 bxc6 9. Nc3 Be7 10. Rc1 O-O 11. O-O d6 12. f4 Rd8 13. Qe2 Bb7 14. c5 d5 15. e5 Nd7 16. Na4 Qa5 17. Qc2 g6 18. Rf3 Qc7 19. g4 a5 20. Qe2 Qc8 21. Bb1 Ba6 22. Qf2 Bb5 23. Nc3 Qa6 24. Nxb5 Qxb5 25. Bd4 f5 26. Rb3 Qa6 27. Bd3 Qc8 28. Be2 Rb8 29. Rh3 Nf8 30. a3 Rd7 31. Kh1 Rdb7 32. Ba6 fxg4 33. Bxb7 Qxb7 34. Re3 Qb5 35. Qc2 a4 36. Qg2 h5 37. h3 gxh3 38. Rxh3 Kf7 39. Qc2 Rb7 40. Rf3 Ke8 41. Kg2 Qa5 42. Rb1 Rb3 43. Rxb3 axb3 44. Qc3 Qb5 45. Kf3 g5 46. fxg5 Bxg5 47. Rg1 Be7 48. Ke3 Nd7 49. Qb4 Nxc5 50. Qxb5 cxb5 51. Rg8+ Kd7 52. Rb8 h4 53. Kf3 Ne4 54. Rb7+ Ke8 55. Rxb5 h3 56. Rb8+ Kf7 57. Kg4 Ng5 58. Kg3 Kg6 59. Rxb3 Kf5 60. Re3 Bd8 61. b4 Bc7 62. b5 Ne4+ 63. Kxh3 Bxe5 64. Bxe5 Kxe5 65. Rxe4+ Kxe4 66. b6 d4 67. b7 d3 68. b8=Q Ke3 69. Qe5+ Kf2 70. Qxe6 1-0

[Event "45th FIDE Olympiad 2024"]
[Site "Budapest"]
[Date "2024.09.14"]
[Round "4.55"]
[White "Warmerdam, Max"]
[Black "Risteski, Emil"]
[Result "1-0"]
[ECO "D37"]
[WhiteElo "2679"]
[BlackElo "2367"]
[Annotator "TA"]
[PlyCount "85"]
[EventDate "2024.09.05"]
[EventType "team-tourn"]
[EventCountry "HUN"]
[SourceTitle "playchess.com"]
[Source "ChessBase"]
[SourceQuality "1"]
[WhiteTeam "Netherlands"]
[BlackTeam "North Macedonia"]
[WhiteTeamCountry "NED"]
[TimeControl "40/5400+30:1800+30"]

1. Nf3 d5 2. c4 e6 3. d4 Nf6 4. Nc3 h6 5. g3 Nc6 6. Bg2 {[%emt 0:07:22] D37: Queen's Gambit Declined: 5 Bf4.} Bd6 7. c5 Be7 8. a3 Ne4 $146 ({Predecessor:} 8... O-O 9. O-O a5 10. Bf4 Ne4 11. Nb5 e5 12. Nxe5 g5 13. Be3 Nxe5 14. dxe5 Nxc5 {1-0 Erigaisi,A (2701)-Boyer,M (2453) PRO League Prelim rapid 2023 (1.2)}) 9. Qc2 f5 10. Bf4 g5 11. Be3 Bf6 12. Rd1 Qe7 13. b4 a6 14. Nd2 (14. h4 $15) 14... Nxd2 ({Black should try} 14... Nxc3 $17 15. Qxc3 f4 16. gxf4 gxf4 17. Bxf4 Nxd4) 15. Qxd2 $15 Qg7 16. f3 Bd7 17. Bf2 Rd8 ({Black should play} 17... O-O-O $15) 18. e3 $11 Bc8 19. f4 h5 20. fxg5 Bxg5 21. Bf3 $2 (21. h4 $14 {stays ahead.} Bh6 22. O-O) 21... h4 $2 (21... Nxd4 $1 $19 22. Bg2 (22. Qxd4 $2 Bf6 $19) 22... Nc6) 22. Qe2 (22. Qd3 $5) 22... h3 (22... hxg3 $11 23. Bxg3 f4 24. exf4 Nxd4 25. Bh5+ Ke7) 23. g4 O-O ({Better is} 23... fxg4 $11 24. Bxg4 Ke7) 24. gxf5 $1 $14 Rxf5 25. Bg4 Rf6 26. Rg1 (26. Bxh3 Rdf8 27. Rg1 (27. Bg3 $2 Rf3 $19) 27... Qh6 $17 (27... Rxf2 28. Qh5 $11)) 26... Rdf8 27. Bg3 Kh8 (27... Bxe3 $2 28. Qxe3 Rg6 (28... Qxg4 $2 29. Bxc7 $18) 29. Bh5 $18 (29. Bxh3 e5 $18)) (27... Qh6 $1 $11 {should be considered.} 28. Rd3 (28. Bxc7 $2 Rf2 $19) 28... Rg6) 28. Rd3 $1 $14 (28. Bxh3 $2 Qh6 29. Bg2 Bxe3 $19) 28... Qh7 29. Kd1 Bh4 $2 {[%emt 0:06:23] [#]} (29... Rg6 $14) 30. e4 $1 $18 (30. Bxh3 $2 Bxg3 31. Rxg3 Rf2 $19) 30... Bxg3 (30... Bg5 $142 31. exd5 exd5 32. Bxc8 Rxc8) 31. Rgxg3 $2 (31. Rdxg3 $18 Rf2 (31... Nxd4 $2 32. Qe3 $18) 32. Qe3 Rxh2 33. Qg5 (33. Bxh3 Qh4 $18) (33. exd5 exd5 34. Bf3 Be6 $18) (33. Rxh3 Rxh3 34. Bxh3 Ne5 $18) 33... dxe4 (33... Nxd4 $2 34. Bxe6 Nxe6 35. Qe5+ $18) 34. Nxe4) 31... Rf1+ $16 {[%emt 0:01:40] [#]} 32. Kc2 (32. Kd2 $1 $16 {[%cal Og4f5] Bf5! would now be deadly.} Qh6+ 33. Qe3 R1f2+ 34. Kc1 Qxe3+ 35. Rdxe3) 32... R1f2 $14 33. Rxh3 $1 dxe4 $1 (33... Rxe2+ 34. Nxe2 dxe4 (34... Nxd4+ $2 35. Nxd4 dxe4 36. Rxh7+ $18) 35. Rxh7+ Kxh7 36. Re3 $16) 34. Rxh7+ Kxh7 35. Nxe4 (35. Rh3+ Kg7 36. Kc1 Rxe2 37. Nxe2 Rf2 $11) 35... Rxe2+ 36. Bxe2 e5 (36... Rf4 $14 37. Rh3+ Kg7 38. Rg3+ Kf8) 37. dxe5 Nxe5 38. Re3 Kg6 39. Ng3 Ng4 (39... Nc6 $16) 40. Re7 $18 Nxh2 $2 (40... Rf7 41. Re8 Bf5+ 42. Kc3 Nf6) 41. Rxc7 $18 Kg5 42. Ne4+ Kf4 43. Nd6 1-0

[Event "45th FIDE Olympiad 2024"]
[Site "Budapest"]
[Date "2024.09.14"]
[Round "4.55"]
[White "Shaw, Clifford"]
[Black "Napoleao, Lourenco"]
[Result "0-1"]
[ECO "B22"]
[WhiteElo "1744"]
[BlackElo "1913"]
[PlyCount "102"]
[EventDate "2024.09.05"]
[EventType "team-tourn"]
[EventCountry "HUN"]
[WhiteTeam "Cayman Islands"]
[BlackTeam "Mozambique"]
[WhiteTeamCountry "CAY"]
[BlackTeamCountry "MOZ"]
[TimeControl "40/5400+30:1800+30"]

1. e4 c5 2. d4 cxd4 3. c3 Nf6 4. e5 Nd5 5. Qxd4 e6 6. Nf3 Nc6 7. Qe4 f5 8. Qe2 Qc7 9. Na3 Bxa3 10. bxa3 Nxc3 11. Qc4 Ne4 12. Bd3 Qa5+ 13. Ke2 Nxe5 14. Nxe5 Qxe5 15. Be3 d5 16. Qb5+ Bd7 17. Qb4 a5 18. Qd4 Qxd4 19. Bxd4 Nf6 20. Rab1 Bc6 21. g3 O-O 22. Kd2 Ne4+ 23. Ke3 Rae8 24. f4 Nf6 25. Kd2 Nd7 26. Rhe1 g6 27. Re2 Re7 28. Kc3 Rfe8 29. Rbe1 Kf7 30. Kd2 Nf6 31. Bc5 Rd7 32. Bd4 Ne4+ 33. Ke3 Nf6 34. Kd2 a4 35. Rc1 Ra8 36. Rce1 Ne4+ 37. Ke3 Ra5 38. Bb6 d4+ 39. Bxd4 Rad5 40. Bxe4 Rxd4 41. Bxc6 bxc6 42. Kf3 Rd3+ 43. Re3 Kf6 44. Rc1 R7d6 45. Rc4 R3d4 46. Rc5 Rd2 47. Rc4 Rxh2 48. Rxa4 h6 49. Ra8 g5 50. Rb3 g4+ 51. Ke3 Rdd2 {0-} 0-1

[Event "45th FIDE Olympiad 2024"]
[Site "Budapest"]
[Date "2024.09.14"]
[Round "4.56"]
[White "Zlatkov, Anton"]
[Black "L'ami, Erwin"]
[Result "1/2-1/2"]
[ECO "A11"]
[WhiteElo "2346"]
[BlackElo "2628"]
[Annotator "TA"]
[PlyCount "104"]
[EventDate "2024.09.05"]
[EventType "team-tourn"]
[EventCountry "HUN"]
[SourceTitle "playchess.com"]
[Source "ChessBase"]
[SourceQuality "1"]
[WhiteTeam "North Macedonia"]
[BlackTeam "Netherlands"]
[BlackTeamCountry "NED"]
[TimeControl "40/5400+30:1800+30"]

1. Nf3 d5 2. g3 Nf6 3. Bg2 c6 4. c4 dxc4 5. O-O e6 6. a4 a5 7. Qc2 Na6 8. Qxc4 {[%emt 0:00:37] White has an edge.} Nb4 9. Nc3 Be7 10. d4 O-O 11. Qb3 Nd7 12. Rd1 Qb6 13. Bg5 Bxg5 14. Nxg5 e5 15. d5 (15. dxe5 $11 Nxe5 16. Nce4) 15... h6 $15 16. Nge4 Nxd5 17. Qc4 N7f6 (17... Qxb2 18. Nxd5 cxd5 19. Qxd5 $11) 18. Qc5 Nxe4 19. Qxb6 Nxb6 20. Nxe4 Nd5 21. Nc5 Nc7 22. Rac1 Ne6 23. Nd7 Bxd7 (23... Nd4 24. Nxf8 Kxf8 (24... Nxe2+ $2 25. Kf1 $18) 25. Rc5 $16) 24. Rxd7 Rab8 25. Bh3 $1 Rfe8 ({Better is} 25... Ng5 $1 $15 26. Bf5 g6) 26. Bxe6 $11 Rxe6 {[%emt 0:00:07][%mdl 4096] Endgame. KRR-KRR} 27. Rc7 Kf8 28. Rc5 f6 29. Rxa5 Re7 30. Rxe7 Kxe7 {[%emt 0:00:03] KR-KR} 31. Ra7 (31. b4 $11) 31... Kd6 $15 32. Kg2 Kc5 {[%emt 0:00:51] aiming for ...Kb6.} 33. a5 Kc4 {[%emt 0:03:33] Hoping for ...Kb3.} 34. Kf3 (34. f4 $1 $11) 34... Kb3 $17 35. a6 bxa6 (35... Kxb2 $2 36. Rxb7+ Rxb7 37. axb7 $18) 36. Rxa6 {[%emt 0:00:03] [#]} c5 (36... Kxb2 37. Rxc6 Rb7 38. e3 $16) 37. Ke4 {[%emt 0:01:36] [#]} c4 (37... Kxb2 $6 38. Kd5 $11) ({Black should try} 37... Kc4 $1 $17 38. Ra7 Rxb2) 38. Rc6 $11 {[%emt 0:00:26] The position is equal.} Rd8 (38... Kxb2 $2 39. Rxc4 Rd8 40. Rc7 $18) (38... Rb4 $5 39. Kd5 $8 h5 $11 (39... Kxb2 40. Rxc4 Rxc4 41. Kxc4 $16)) 39. Rb6+ Kc2 40. Rb4 Rc8 (40... Rd4+ 41. Kf3 $16) 41. Rb7 g6 42. Kd5 Kd2 43. Rb6 Rf8 44. e4 Kd3 45. f4 Rd8+ 46. Kc5 Rc8+ 47. Kd5 Rd8+ 48. Kc5 exf4 49. Rxf6 {[%emt 0:00:00] And now e5 would win.} Rc8+ (49... Kxe4 50. Rxf4+ Kd3 51. Rf3+ Ke4 52. Rf4+ Kd3 53. Rf6) 50. Kd5 {[%emt 0:00:00] Threatens to win with e5.} Rd8+ 51. Kc5 Rc8+ (51... Kxe4 52. Rxf4+ Kd3 53. Rf3+ Ke4 54. Rf4+ Kd3 55. Rf6) 52. Kd5 {[%emt 0:00:00] Black must now prevent e5.} Rd8+ {[%emt 0:01:01] Weighted Error Value: White=0.14 (very precise) /Black=0.10 (very precise) .  Mistake:       	White=3     	Black=2      Inaccurate:     	White=3     	Black=2      OK:         	White=23    	Black=16     Best:        	White=2     	Black=6      Strong:       	White=1     	---} 1/2-1/2

[Event "45th FIDE Olympiad 2024"]
[Site "Budapest"]
[Date "2024.09.14"]
[Round "4.56"]
[White "Joao, Farisse"]
[Black "Tracey, Shaun M"]
[Result "1/2-1/2"]
[ECO "A90"]
[WhiteElo "1851"]
[BlackElo "1684"]
[PlyCount "84"]
[EventDate "2024.09.05"]
[EventType "team-tourn"]
[EventCountry "HUN"]
[WhiteTeam "Mozambique"]
[BlackTeam "Cayman Islands"]
[WhiteTeamCountry "MOZ"]
[BlackTeamCountry "CAY"]
[TimeControl "40/5400+30:1800+30"]

1. c4 e6 2. d4 f5 3. Nc3 Nf6 4. g3 d5 5. Bg2 c6 6. Nf3 Bd6 7. Qc2 O-O 8. c5 Bc7 9. b4 Ne4 10. h4 Nd7 11. Bf4 Ndf6 12. Ne5 a5 13. O-O axb4 14. Nxe4 dxe4 15. Rfd1 Nd5 16. Bg5 Qe8 17. f3 h6 18. Bc1 Bxe5 19. dxe5 exf3 20. exf3 Qe7 21. Rd4 Ra5 22. Rc4 Bd7 23. Bd2 Rfa8 24. Kh2 Rb5 25. Rb1 Raa5 26. f4 Ra7 27. Rb2 Be8 28. Qc1 Ra4 29. Qd1 Rba5 30. Bxd5 cxd5 31. Rcxb4 Bc6 32. Rxa4 Rxa4 33. Bb4 Qd7 34. Qd4 Qe8 35. a3 Qh5 36. Rf2 Kf7 37. Kg2 Qg4 38. Rd2 Ra8 39. Kf2 Qh3 40. Kf3 Qf1+ {Rg2 Qc1 g4 Qc4 Rd2 Qf1+ Kg3 Qe1+} 41. Qf2 Qxf2+ 42. Rxf2 {fxg4 Kxg4} d4+ {f5 exf5+ Kxf5 g6+ Kg4+ Ke6 Rf6+ Kxe5 Rxg6 Rh8 h5 Be4 Rg7 Rh7 Rg8 Rf7 Bd2 Bf3+ Kh4 Rf5 Kg3 Bxh5 Bxh6 Kd5 Rg7 Bf7 Rg5 Rxg5+ Bxg5 Kxc5 Kf2 Kc4 Ke1 Kc3 Bd2+ Kc2 Bb4 Bg6} 1/2-1/2

[Event "45th FIDE Olympiad 2024"]
[Site "Budapest"]
[Date "2024.09.14"]
[Round "4.57"]
[White "Keymer, Vincent"]
[Black "Amartuvshin, Ganzorig"]
[Result "1-0"]
[ECO "D05"]
[WhiteElo "2730"]
[BlackElo "2402"]
[Annotator "TA"]
[PlyCount "61"]
[EventDate "2024.09.05"]
[EventType "team-tourn"]
[EventCountry "HUN"]
[SourceTitle "playchess.com"]
[Source "ChessBase"]
[SourceQuality "1"]
[WhiteTeam "Germany"]
[BlackTeam "Mongolia"]
[WhiteTeamCountry "GER"]
[BlackTeamCountry "MGL"]
[TimeControl "40/5400+30:1800+30"]

1. Nf3 Nf6 2. b3 d5 3. Bb2 e6 4. e3 c5 5. d4 Nc6 6. Nbd2 Be7 7. dxc5 Bxc5 8. a3 O-O 9. b4 {[%emt 0:03:19] White is slightly better.} Be7 10. Bd3 a6 11. Qe2 b5 12. O-O Nd7 13. e4 Nb6 14. Rad1 Bd7 15. Rfe1 Re8 16. e5 ({Better is} 16. Nb3 $11) 16... Na4 (16... a5 $1 $15 17. c3 axb4 18. cxb4 Na4) 17. Ba1 $11 Bf8 18. h4 {[%emt 0:03:51][%cal Od3h7,Bh2h4,Bh4h5][%mdl 32] Hoping for Bxh7+!} g6 {[%emt 0:02:41] [#]} 19. h5 $1 Bg7 (19... a5 20. Bxb5) 20. Qe3 a5 21. Qf4 axb4 22. axb4 Qe7 23. Rb1 Qf8 {[%emt 0:01:11] [#]} (23... Red8 $16 24. Bxb5 Rdb8) 24. Nf1 $1 $18 Ne7 $2 (24... d4 {was worth a try.} 25. Bxb5 (25. Nxd4 Nxb4 26. Be4 Rac8 $16) (25. Bxd4 Nxd4 26. Qxd4 Bc6 $16) 25... Reb8) 25. N1h2 Bh6 26. Ng5 Nf5 27. Ng4 Bg7 (27... Qg7 $142 28. Nf6+ Kh8 29. Nxd7 d4) 28. hxg6 hxg6 29. Bxf5 {[%emt 0:01:11][%cal Of4h2] Qh2! would now be deadly.} exf5 {[%emt 0:00:11] [#]} 30. Qh2 $1 Qe7 (30... Qxb4 31. e6) 31. Nh6+ {[%emt 0:00:59] Weighted Error Value: White=0.09 (flawless) /Black=0.62.  Mistake:       	White=1     	Black=4      Inaccurate:     	---       	Black=3      OK:         	White=10    	Black=9      Best:        	White=2     	---        Strong:       	White=1     	---} (31. Nf6+ $142 Bxf6 32. Qh7+ Kf8 33. exf6 Qxf6 34. Bxf6 Rxe1+ 35. Rxe1 f4 36. Qxf7#) 1-0

[Event "45th FIDE Olympiad 2024"]
[Site "Budapest"]
[Date "2024.09.14"]
[Round "4.58"]
[White "Baasansuren, Erdene"]
[Black "Kollars, Dmitrij"]
[Result "0-1"]
[ECO "A17"]
[WhiteElo "2368"]
[BlackElo "2659"]
[Annotator "TA"]
[PlyCount "100"]
[EventDate "2024.09.05"]
[EventType "team-tourn"]
[EventCountry "HUN"]
[SourceTitle "playchess.com"]
[Source "ChessBase"]
[SourceQuality "1"]
[WhiteTeam "Mongolia"]
[BlackTeam "Germany"]
[WhiteTeamCountry "MGL"]
[BlackTeamCountry "GER"]
[TimeControl "40/5400+30:1800+30"]

1. Nf3 d5 2. e3 Nf6 3. c4 e6 4. Nc3 Bd6 5. d4 b6 6. Be2 {[%emt 0:01:13] A17: English Opening: 1...Nf6 with ...Bb4.} O-O 7. O-O Bb7 8. b3 Nbd7 9. Bb2 Re8 10. Qc2 a6 11. a4 c5 12. Rfd1 $146 ({Predecessor:} 12. cxd5 exd5 13. Rfc1 Qe7 14. Qd1 Ne4 15. a5 b5 16. dxc5 Ndxc5 17. Nxe4 dxe4 18. Nd4 {0-1 Kostenko,P (2371)-Frolyanov,D (2495) Cheliabinsk Lozovatsky Memorial-A 2023 (9)}) 12... Rc8 13. h3 Bb8 14. cxd5 exd5 15. Rac1 Qe7 16. Ba3 Qe6 17. Qd2 h6 18. a5 Ne4 19. Nxe4 dxe4 20. Nh2 (20. Ne1 $11) 20... Qxb3 $15 21. Bg4 Rcd8 (21... Qxa3 $6 22. Bxd7 c4 23. Bxc8 (23. axb6 $2 Qd6 $19) (23. Bxe8 b5 $15) 23... Rxc8 24. axb6 $16) 22. dxc5 $2 (22. Rc3 $15 Qb5 23. axb6 (23. dxc5 Be5 $15) 23... cxd4 (23... Nxb6 24. Rxc5 Qb3 25. Qc3 $16) (23... Qxb6 24. Bxd7 Qd6 25. Nf1 $17) (23... c4 24. Qc2 $14) 24. exd4 (24. Qxd4 $2 Be5 $19)) 22... Qxa3 $19 23. c6 Nf8 24. Qc2 Rxd1+ 25. Rxd1 h5 $1 26. Bxh5 Qxa5 ({Don't do} 26... Rc8 27. Bxf7+ Kxf7 28. Qc4+ Ke8 29. Qxe4+ Qe7 30. cxb7 $17) 27. Bxf7+ Kxf7 28. Qc4+ Re6 29. cxb7 Qc5 30. Qxa6 Rd6 31. Rb1 (31. Qa2+ $17 Ne6 32. Rxd6 Qxd6 33. Nf1) 31... Nd7 $19 32. Nf1 Qc2 33. Qb5 Nc5 34. Ra1 $2 (34. g4) 34... Qd3 ({Weaker is} 34... Nxb7 35. Qh5+ Ke7 36. Ng3 $17) (34... Rf6 $142 35. Kh1 Qxf2 (35... Rxf2 $2 36. Ra8 $19)) 35. Qb4 Qd5 36. Ra8 Qxb7 37. Qc4+ Kg6 38. Ra1 Qd5 39. Qb5 Qc6 40. Qe2 Rd5 41. h4 Kh7 42. f4 exf3 43. Qxf3 (43. gxf3 $142 Rh5 44. Qc2+ Kh6 45. f4 Rxh4 46. Ng3) 43... Qe6 $19 44. Ra8 Rf5 45. Qd1 Bd6 46. Rd8 Ne4 47. Qd3 Rd5 48. Qb3 Qf6 (48... Qf5 $142 49. Qa2 Rd1 (49... Bh2+ $2 50. Kxh2 Rxd8 51. Qe2 $19)) 49. Qc2 $19 Qxd8 50. Qxe4+ Kh8 0-1

[Event "45th FIDE Olympiad 2024"]
[Site "Budapest"]
[Date "2024.09.14"]
[Round "4.59"]
[White "Donchenko, Alexander"]
[Black "Amilal, Munkhdalai"]
[Result "1/2-1/2"]
[ECO "B84"]
[WhiteElo "2638"]
[BlackElo "2374"]
[Annotator "TA"]
[PlyCount "153"]
[EventDate "2024.09.05"]
[EventType "team-tourn"]
[EventCountry "HUN"]
[SourceTitle "playchess.com"]
[Source "ChessBase"]
[SourceQuality "1"]
[WhiteTeam "Germany"]
[BlackTeam "Mongolia"]
[WhiteTeamCountry "GER"]
[BlackTeamCountry "MGL"]
[TimeControl "40/5400+30:1800+30"]

1. e4 c5 2. Nf3 d6 3. d4 cxd4 4. Nxd4 Nf6 5. Nc3 a6 6. Be3 Ng4 7. Bc1 Nf6 8. Be2 e6 9. Be3 Qc7 10. f4 b5 11. a3 Bb7 12. Bf3 Nbd7 13. Qe2 Be7 {[%emt 0:19:56] B84: Sicilian Scheveningen: 6 Be2 a6, lines without early Be3.} 14. g4 Nb6 15. g5 Nfd7 16. Rd1 $146 ({Predecessor:} 16. Bg4 Nc5 17. Bf2 O-O 18. Rg1 Rfe8 19. Rg3 Bf8 20. O-O-O e5 21. Nf5 exf4 22. Bxc5 Qxc5 {½-½ Meribanov,V (2396)-Ziaziulkina,N (2403) BLR-ch U20 Minsk 2014 (9)}) 16... Nc4 17. Bc1 Nxa3 18. Bg4 g6 19. O-O Nc4 20. b3 Ncb6 21. Bb2 e5 22. Nf3 O-O 23. Nd5 Bxd5 24. exd5 f5 25. gxf6 Bxf6 26. fxe5 Nxe5 27. Nxe5 Bxe5 28. Bxe5 dxe5 29. Rfe1 Rfe8 30. Qe3 Qd6 31. Be6+ Kg7 32. Qc3 Nd7 33. Bxd7 Qxd7 34. Rxe5 Qg4+ 35. Kh1 Kg8 36. Rd4 Qd7 37. Rde4 Rxe5 38. Qxe5 Rf8 39. Qe6+ Qxe6 40. Rxe6 Rf2 41. c4 bxc4 42. bxc4 (42. Rxa6 $2 cxb3 $19) (42. d6 $142) 42... Rc2 $2 {[%emt 0:00:44] [#]} (42... Kf7) 43. d6 $1 $18 (43. Rxa6 Rxc4 44. Ra7 Rd4 $11) 43... Kf7 44. Re7+ Kf8 45. Re5 (45. Rxh7 Ke8 $11) 45... Rd2 46. c5 a5 47. Re7 (47. Re6 $142 {aiming for c6.} Kf7 48. Re7+ Kf6 49. Re1 (49. Rxh7 a4 $11)) 47... a4 $18 48. Ra7 ({And not} 48. Rxh7 a3 49. Ra7 a2 50. Ra8+ Kf7 $11) 48... Ke8 49. Rxa4 Rc2 50. Re4+ Kd8 51. Re5 h6 $2 (51... h5 52. Kg1 h4) 52. h4 $18 Kd7 53. Re7+ Kd8 54. Re5 Kd7 $1 55. Kg1 Kc6 56. Rd5 Kd7 57. Kf1 Kd8 58. Ke1 Rc4 59. Kd2 Rxh4 $2 (59... Kd7 60. Kd3 Rc1) 60. Kd3 Rh1 61. Kc4 $2 (61. Kc2 $18 Kd7 62. c6+ Kxc6 63. d7 Kxd5 64. d8=Q+ (64. d8=R+ $2 {too greedy.} Ke4 $19) 64... Ke5 65. Qe7+ Kf5 66. Qc5+ Kg4 67. Qd4+ Kg3 68. Qe3+ Kh2 69. Qxh6+ Kg2 70. Qxg6+ Kf2 71. Qf5+ Kg3 72. Qe5+ Kg2 73. Qe4+ Kg1 74. Kd1) 61... Rc1+ $1 $11 62. Kb5 Kd7 63. Rd4 (63. Re5 $5 Rb1+ $8 64. Kc4 Rc1+ 65. Kb4 Rb1+ 66. Kc4 Rc1+ 67. Kd3 $11) 63... h5 $2 {[%emt 0:00:35][%mdl 8192] [#]} (63... Rb1+ $11 64. Kc4 Rc1+ (64... Kc6 65. d7 Rc1+ 66. Kb3 Rb1+ 67. Kc3 Rb8 68. d8=Q Rxd8 69. Rxd8 Kxc5 70. Rh8) 65. Kd5 g5) 64. Re4 $2 (64. Ra4 $1 $18 {[%cal Ra4a7] And now Ra7+ would win.} Rb1+ 65. Kc4 Rc1+ 66. Kd5 Rd1+ 67. Ke5) 64... Rb1+ $11 65. Kc4 Kc6 66. Re8 (66. Re7 $5 Rc1+ $8 67. Kd4 Rd1+ 68. Kc4 Rc1+ 69. Kd4 Rd1+ 70. Ke5 Kxc5 71. Rc7+ Kb6 72. Rc8 $11) 66... Rc1+ 67. Kd4 (67. Kb4 $5 Rb1+ $8 68. Ka4 $11) 67... Rd1+ 68. Kc4 Rc1+ 69. Kb4 Rb1+ 70. Ka4 (70. Kc4 $5 Rc1+ $8 $11) 70... Rb7 71. Rc8+ Kd7 72. Rg8 (72. Rh8 $5 Kc6 $8 73. Rc8+ Kd7 74. Rg8 $11) 72... Kc6 73. Rc8+ Kd7 74. Rg8 (74. Rh8 $5 Kc6 $8 75. Rc8+ $11) 74... Kc6 75. Rxg6 Kxc5 76. Rg5+ Kxd6 77. Rxh5 1/2-1/2